Workbook
Name Go__To_Be_Entered_Troop_Finance_Rep: 'START HERE'!$B$24

Sheet START HERE
B1: Troop Finance Tracking Workbook
B2: This workbook is designed to help troop leaders and treasurers track all income and expenses throughout the Girl Scout year in one place, making end-of-year reporting simple and accurate. By keeping this tracker updated regularly, you’ll have a clear, organized record of your troop’s finances. At the end of the year, the totals from this workbook should be used to complete and submit the Annual Troop Finance Report (ATFR). All troops are expected to submit their ATFR by the council deadline (typically due in May) in accordance with financial policies and procedures.
B3: Looking for more info on troop finance best practices? Check out our training in gsLearn:
B4: Finance Best Practices
D6: Instructions:
C7: At the beginning of May… (or troop start date for new troops)
A8: 1 | D8: Enter your TROOP NUMBER.
A10: 2 | B10: 0 | D10: Enter the ENDING BALANCE from your Troop Finance Report ATFR for the previous year ($ 0.00 if you are a new troop).
C12: Throughout the Girl Scout Year …
A13: 3 | B13: =HYPERLINK(INCOME!B5,"Go to INCOME tab") -> Go to INCOME tab | D13: As you receive INCOME , record it on the INCOME tab with the type of Income received.
A15: 4 | B15: =HYPERLINK('EXPENSES '!B5,"Go to EXPENSES tab") -> Go to EXPENSES tab | D15: As EXPENSES occur, record them on the EXPENSES tab with the type of Expense incurred.
C17: As you near the end of the Girl Scout ATFR Submission time (End of May)…
A18: 5 | B18: 0 | D18: Enter the ENDING BALANCE from your April end Bank Statement
B19: =HYPERLINK('STATEMENT CHECKS'!B11,"Go to BANK STATEMENT tab") -> Go to BANK STATEMENT tab | D19: After receiving your April Bank Statement, Complete the BANK STATEMENT RECONCILIATION tab.
D20: Enter any Outstanding Deposits and/or Checks that have not yet cleared.
D22: Data from the INCOME, EXPENSES, & BANK STATEMENT tabs will automatically appear on the ENTER in Troop Finance Report Tab
A24: 6 | B24: =HYPERLINK("#'ENTER in Troop Finance Report'!a1","Go to ENTER in Troop Finance Report tab") -> Go to ENTER in Troop Finance Report tab | D24: Check that your ENDING BALANCE and your GRAND TOTAL match
D25: If the ENDING BALANCE is > GREATER THAN the GRAND TOTAL ($$), you may have omitted an EXPENSE or OUTSTANDING CHECK.
D26: If the ENDING BALANCE is < LESS THAN the GRAND TOTAL ($$), you may have forgotten to record some INCOME you received

Sheet INCOME
B2: Troop Income | G2: May 1st | H2: - | I2: April 30th
B4: Date | C4: Category | D4: Description | E4: Income Amount
C55: Add additional rows (if needed) ABOVE this row | E55: ↓
E56: =SUM(E5:E55) -> 0 | F56: + | G56: ='START HERE'!B10 -> 0 | H56: = | I56: =G56+E56 -> 0
E57: Total Income | G57: Previous Balance | I57: Grand Total
E59: Ending Balance from Prior Year: | G59: Total Income | I59: Grand Total

Sheet EXPENSES 
B2: Troop Expenses | G2: May 1st | H2: - | I2: April 30th
B4: Date | C4: Category | D4: Description | E4: Expense Amount
C55: Add additional rows (if needed) ABOVE this row | E55: ↓
E56: =SUM(E55:E55) -> 0 | F56: + | G56: ='START HERE'!B10 -> 0 | H56: = | I56: =G56+E56 -> 0
E57: Total Income | G57: Previous Balance | I57: Grand Total

Sheet STATEMENT CHECKS
B2: Troop Checks and Cash
B4: Reconciliation of Funds/Account(s) | K4: May 1st - April 30th
K6: Account Balance on May Bank Statement (from START page): | L6: ='START HERE'!B18 -> 0
B9: Total Outstandng Deposits: | G9: Total Outstanding Checks: | K9: Total Cash Held (Dues Jar/Petty Cash):
B10: Description | C10: Deposit # | D10: Amount | G10: Check # | H10: Amount | K10: Description | L10: Amount
C11: Deposit 1
C12: Deposit 2
C13: Deposit 3
C14: Deposit 4
C15: Deposit 5
C16: Deposit 6
C17: Deposit 7
C18: Deposit 8
C19: Deposit 9
C20: Deposit 10
C21: Deposit 11
C22: Deposit 12
... C35: Deposit 25
C37: Sum (Deposits): | D37: =SUM(D11:D35) -> 0 | G37: Sum (Checks): | H37: =SUM(H11:H35) -> 0 | K37: Sum (Cash): | L37: =SUM(L11:L35) -> 0
K40: Total | L40: =((L6+D37)-H37)+L37 -> 0
B43: Balance Checkbook from May Bank Statement
A45: A. | B45: Ending balance shown on May statement | D45: =L6 -> 0
A46: B. | B46: Outstanding Deposits | C46: + | D46: =D37 -> 0
B47: Subtotal | E47: =SUM(D45:D46) -> 0
A49: C. | B49: Total Outstanding Checks | C49: - | D49: =H37 -> 0
B51: Ending Balance = Check Register | D51: =E47-D49 -> 0

Sheet ENTER in Troop Finance Report
B2: Troop #: | D2: ='START HERE'!B8 -> 0
B4: Annual Troop Finance Report
B6: A - Ending Balance from prior year | D6: ='START HERE'!B10 -> 0
B8: Current Year Income (MAY 1 - APRIL 30)
B9: Troop Dues- Contributions from families, agreed upon by the troop and paid on a regular or scheduled basis, to support troop operations and routine expenses such as meeting supplies. | D9: =SUMIF(INCOME!C:C,"Troop Dues- Contributions from families, agreed upon by the troop and paid on a regular or scheduled basis, to support troop operations and routine expenses such as meeting supplies.",INCOME!E:E) -> 0
B10: Sponsorships- These may include sponsorships for events or other financial contributions. This is different from troop dues, which are agreed upon by the troop and typically paid on a regular basis. | D10: =SUMIF(INCOME!C:C,"Sponsorships- These may include sponsorships for events or other financial contributions. This is different from troop dues, which are agreed upon by the troop and typically paid on a regular basis.",INCOME!E:E) -> 0
B11: Sweets and Treats Income- The total amount the troop accepted into the bank account for Sweets & Treats. Please note- this is not the amount that the troop earned- this section is asking for all funds that troop accepted into the bank account. | D11: =SUMIF(INCOME!C:C,"Sweets and Treats Income- The total amount the troop accepted into the bank account for Sweets & Treats. Please note- this is not the amount that the troop earned- this section is asking for all funds that troop accepted into the bank account.",INCOME!E:E) -> 0 | E11: Must match Product Program Reports
B12: Cookie Sales Income- The total amount the troop accepted into the bank account for Cookie Season. Please note- this is not the amount that the troop earned- this section is asking for all funds that troop accepted into the bank account. | D12: =SUMIF(INCOME!C:C,"Cookie Sales Income- The total amount the troop accepted into the bank account for Cookie Season. Please note- this is not the amount that the troop earned- this section is asking for all funds that troop accepted into the bank account.",INCOME!E:E) -> 0 | E12: Must match Product Program Reports
B13: Gifts/Donations- Monetary or other financial contributions received from businesses, individuals, or community members. Unlike troop dues, these contributions are voluntary and not regularly scheduled. | D13: =SUMIF(INCOME!C:C,"Gifts/Donations- Monetary or other financial contributions received from businesses, individuals, or community members. Unlike troop dues, these contributions are voluntary and not regularly scheduled.",INCOME!E:E) -> 0
B14: Parent Contributions- Any amount contributed by parents not reconciled in other categories (Example- troop travel payments, event payments, etc.) | D14: =SUMIF(INCOME!C:C,"Parent Contributions- Any amount contributed by parents not reconciled in other categories (Example- troop travel payments, event payments, etc.)",INCOME!E:E) -> 0
B15: Other- Anything not accounted for in the above categories. Please explain with a note in the Troop Income section | D15: =SUMIF(INCOME!C:C,"Other- Anything not accounted for in the above categories. Please explain with a note in the Troop Income section ",INCOME!E:E) -> 0
B16: B - Total Income | D16: =SUM(D9:D15) -> 0
B18: C - Grand Total (A+B) | D18: =D6+D16 -> 0
B20: Expenses (MAY 1 - APRIL 30)
B21: GSUSA Membership Fees | D21: =SUMIF(INCOME!D:E,"GSUSA Membership Fees",INCOME!E:E) -> 0
B22: Program Supplies | D22: =SUMIF(INCOME!D:E,"Program Supplies",INCOME!E:E) -> 0
B23: Event Fees | D23: =SUMIF(INCOME!D:E,"Event Fees",INCOME!E:E) -> 0
B24: Troop Trips | D24: =SUMIF(INCOME!D:E,"Troop Trips",INCOME!E:E) -> 0
B25: Service Projects | D25: =SUMIF(INCOME!D:E,"Service Projects",INCOME!E:E) -> 0
B26: Gifts and Donations to Girl Scouts | D26: =SUMIF(INCOME!D:E,"Gifts and Donations to Girl Scouts",INCOME!E:E) -> 0
B27: Uniforms and Insignia | D27: =SUMIF(INCOME!D:E,"Uniforms and Insignia",INCOME!E:E) -> 0
B28: Cookie Sales paid to Gateway | D28: =SUMIF(INCOME!D:E,"Cookie Sales paid to Gateway",INCOME!E:E) -> 0
B29: Sweets and Treats Sales paid to Gateway | D29: =SUMIF(INCOME!D:E,"Sweets and Treats Sales paid to Gateway",INCOME!E:E) -> 0
B30: Troop Equipment | D30: =SUMIF(INCOME!D:E,"Troop Equipment",INCOME!E:E) -> 0
B31: Other Expenses (specify) | D31: =SUMIF(INCOME!D:E,"Other Expenses (specify)",INCOME!E:E) -> 0 | E31: Be prepared to explain in Troop Finance Report
B32: D - Total Expenses | D32: =SUM(D21:D31) -> 0
B34: E - Ending Balance (C-D=E) | D34: =D18-D32 -> 0 | E34: ←
B36: Reconciliation of Funds/Account(s)
B37: Total Balance on Last Bank Statement | D37: ='START HERE'!B18 -> 0
B38: Total Outstanding Deposits | D38: ='STATEMENT CHECKS'!D37 -> 0
B39: Total Outstanding Checks | D39: ='STATEMENT CHECKS'!H37 -> 0
B40: Total Cash Held (Petty Cash) | D40: ='STATEMENT CHECKS'!L37 -> 0
B42: Grand Total (should equal line "E") | D42: =SUM(D37+D38+D40-D39) -> 0 | E42: ←
